[Event "Elite Hotels Open 2023"]
[Site "Elite Stadshotellet, Kungsgatan 6, Vaxjo, Sweden"]
[Date "2023.02.10"]
[Round "3.10"]
[White "Poley, Vladimir"]
[Black "Nilsson, Oliver"]
[Result "1-0"]
[TimeControl "15 minutes + 5 seconds per move from move one (Round 1 - 4) / 90 minutes + 30 seconds per move from move one (Round 5 - 8)"]
[WhiteTitle "IM"]
[WhiteFideId "13500090"]
[BlackFideId "1730177"]
[WhiteElo "2325"]
[BlackElo "1925"]

1. Nf3 d5 2. g3 c6 3. Bg2 Nf6 4.
O-O h5 5. d4 e6 6. Nc3 Bd6 7. Bg5 Nbd7 8. e4 dxe4 9. Nxe4 Be7 10. Nxf6+ gxf6 11. Bf4 Nb6 12. Re1 Nd5 13. Bd2 b6 14. c4 Nc7 15. Bc3 Bb7 16. a4 a5 17. Qe2 Na6 18.
Rad1 Nb4 19. Nh4 Qd7 20. Qf3 O-O-O 21. c5 bxc5 22. dxc5 Qc7 23. Bxf6 Bxf6 24. Qxf6 Nd3 25. Rxd3 1-0

[Event "Elite Hotels Open 2023"]
[Site "Elite Stadshotellet, Kungsgatan 6, Vaxjo, Sweden"]
[Date "2023.02.10"]
[Round "3.11"]
[White "Neretljak, Nedzad"]
[Black "Bellon Lopez, Juan Manuel"]
[Result "0-1"]
[TimeControl "15 minutes + 5 seconds per move from move one (Round 1 - 4) / 90 minutes + 30 seconds per move from move one (Round 5 - 8)"]
[WhiteTitle "CM"]
[BlackTitle "GM"]
[WhiteFideId "1713132"]
[BlackFideId "2200031"]
[WhiteElo "2051"]
[BlackElo "2303"]

1. e4 c5 2. Nf3 e6 3. b4 b6 4. Bb2 Bb7 5. Qe2 cxb4 6. d4 Ba6 7. Qe3 Bxf1 8. Kxf1 Qc7 9. Qe2 Nf6 10.
d5 Bc5 11. Nbd2 O-O 12. g4 d6 13. Bxf6 gxf6 14. Rg1 Kh8 15. Rg3 Rg8 16. Qd3 Nd7 17. g5 Ne5 18. Nxe5 fxe5 19. Qf3 Qe7 20. Qh5 Rg7 21. Re1 Rag8 22.
h4 f5 23. Kg2 exd5 24. exf5 Qd7 25. f6 Rf7 26. Nf3 Rg6 27. Nh2 Qf5 28. Re2 e4 29. Ng4 Rf8 30. Nh6 Qf4 31. Qg4 Qxg4 32. Rxg4 Bd4 33. h5 Rxh6 34. gxh6 Rxf6 35. Rg7 Rxh6 36. Rxa7 Rxh5 37. Kg3 Rf5 38. Rd2 Bc3 39. Rd1 Be5+ 40.
Kg4 Rxf2 41. Rh1 Bh2 42. Kg5 e3 43. Re1 e2 44. Rd7 Kg8 45. Rd8+ Kf7 46. Rd7+ Ke6 47. Rxh7 Rg2+ 48. Kh4 Bg3+ 49.
Kh3 Bxe1 50. Kxg2 Bc3 51. Rh6+ Ke5 52. Rh5+ Kd4 0-1

[Event "Elite Hotels Open 2023"]
[Site "Elite Stadshotellet, Kungsgatan 6, Vaxjo, Sweden"]
[Date "2023.02.10"]
[Round "3.12"]
[White "Odell Johansson, Leo"]
[Black "Ernst, Thomas"]
[Result "0-1"]
[TimeControl "15 minutes + 5 seconds per move from move one (Round 1 - 4) / 90 minutes + 30 seconds per move from move one (Round 5 - 8)"]
[BlackTitle "GM"]
[WhiteFideId "1722727"]
[BlackFideId "1700065"]
[WhiteElo "1876"]
[BlackElo "2286"]

1. d4 Nf6 2. Nf3 g6 3. Nc3 d5 4. Bf4 Bg7 5. e3 c6 6. Be2 Bg4 7. h3 Bxf3 8. Bxf3 O-O 9. O-O Nbd7 10. e4 dxe4 11. Nxe4 Nxe4 12.
Bxe4 Qb6 13. Be3 Nf6 14. Bf3 Nd5 15. b3 e5 16. Bxd5 exd4 17. Bg5 cxd5 18. Qd3 Rac8 19. Bd2 Qe6 20.
Rfe1 Qf5 21. Qxf5 gxf5 22. Rac1 Bf6 23. Bb4 Rfe8 24. Kf1 Rxe1+ 25. Kxe1 d3 26. Kd2 Bg5+ 27. Kd1 Bxc1 28. Kxc1 Rxc2+ 29. Kb1 Rxf2 30. g3 Kg7 31. a4 d4 32. Bc5 Rf1+ 33. Kb2 d2 0-1

[Event "Elite Hotels Open 2023"]
[Site "Elite Stadshotellet, Kungsgatan 6, Vaxjo, Sweden"]
[Date "2023.02.10"]
[Round "3.13"]
[White "Wagner, Stephan"]
[Black "Wiklund, Johan"]
[Result "1-0"]
[TimeControl "15 minutes + 5 seconds per move from move one (Round 1 - 4) / 90 minutes + 30 seconds per move from move one (Round 5 - 8)"]
[WhiteFideId "1613251"]
[BlackFideId "1713817"]
[WhiteElo "2264"]
[BlackElo "1899"]

1. c4 Nf6 2. Nc3 c5 3. g3 d5 4. cxd5 Nxd5 5. Bg2 Nc7 6. Nf3 Nc6 7. O-O e5 8. b3 Be7 9. Bb2 f6 10.
e3 Qd3 11. Ne1 Qd7 12. Qh5+ g6 13. Qh6 Bf8 14. Qh4 Bg7 15. Ne4 Qe7 16. Ba3 Ne6 17. Nxc5 Nxc5 18. Rc1 Qd7 19. Rxc5 Qxd2 20.
Rxc6 bxc6 21. Bxc6+ Kf7 22. Bxa8 Ba6 23. Nf3 Qd8 24. Bc6 Bxf1 25. Kxf1 Qd1+ 26.
Kg2 Rc8 27. Qc4+ Ke8 1-0

[Event "Elite Hotels Open 2023"]
[Site "Elite Stadshotellet, Kungsgatan 6, Vaxjo, Sweden"]
[Date "2023.02.10"]
[Round "3.14"]
[White "Jepson, Christian"]
[Black "Johnsson, Marcus"]
[Result "1-0"]
[TimeControl "15 minutes + 5 seconds per move from move one (Round 1 - 4) / 90 minutes + 30 seconds per move from move one (Round 5 - 8)"]
[WhiteTitle "IM"]
[WhiteFideId "1701185"]
[BlackFideId "1733966"]
[WhiteElo "2395"]
[BlackElo "1871"]

1. d4 c5 2. d5 e5 3. e4 d6 4. c4 Nf6 5. Nc3 Be7 6. g3 O-O 7. Bg2 Ne8 8. Nge2 g6 9. Bh6 Ng7 10.
Qd2 Nd7 11. f4 exf4 12. gxf4 Nf6 13. Bg5 a6 14. O-O Nfe8 15. Ng3 Rb8 16. a4 b6 17. Rae1 f6 18. Bh6 Qc7 19. f5 Bd7 20.
Ra1 Rf7 21. Qd3 Qc8 22. Bh3 Rb7 23. Bg4 Kh8 24. h4 Nc7 25. Kh2 Bf8 26. Bf4 Qd8 27. b3 g5 28. hxg5 fxg5 29. Bd2 h5 30.
Be2 g4 31. f6 Nge8 32. Bg5 h4 33. Nh5 Rh7 34. Ng7 Qc8 35. Nf5 g3+ 36. Kg2 Bxf5 37. Rxf5 Bh6 38. Bxh4 Qd7 39. Raf1 Qf7 40.
Bh5 1-0

[Event "Elite Hotels Open 2023"]
[Site "Elite Stadshotellet, Kungsgatan 6, Vaxjo, Sweden"]
[Date "2023.02.10"]
[Round "3.15"]
[White "Alquist, Erik"]
[Black "Lindberg, Bengt"]
[Result "0-1"]
[TimeControl "15 minutes + 5 seconds per move from move one (Round 1 - 4) / 90 minutes + 30 seconds per move from move one (Round 5 - 8)"]
[BlackTitle "IM"]
[WhiteFideId "1707701"]
[BlackFideId "1700359"]
[WhiteElo "1994"]
[BlackElo "2354"]

1. e4 c5 2. Nf3 e6 3. d4 cxd4 4. Nxd4 Nc6 5. Nc3 Qc7 6. Be3 a6 7. g4 b5 8. Nxc6 Qxc6 9. Qd2 Bb7 10.
O-O-O Nf6 11. f3 b4 12. Ne2 d5 13. g5 Nd7 14. Nd4 Qc7 15. f4 Nb6 16. f5 e5 17. exd5 O-O-O 18. f6 gxf6 19.
Bh3+ Kb8 20. Nb3 Nxd5 21. Rhf1 Be7 22. Bg1 Ba8 23. gxf6 Nxf6 24. Qe3 Rxd1+ 25. Rxd1 Nd5 26. Qh6 Rd8 27.
Qxa6 Bg5+ 28. Nd2 Be3 29. Qb5+ Bb7 30. Bg2 Bxg1 31. Rxg1 Rg8 32. Ne4 Rc8 33. c4 bxc3 34. b4 Qc6 35.
Qa5 Qh6+ 36. Kc2 Ne3+ 37. Kb3 Qe6+ 38. Ka3 Nc4+ 0-1

[Event "Elite Hotels Open 2023"]
[Site "Elite Stadshotellet, Kungsgatan 6, Vaxjo, Sweden"]
[Date "2023.02.10"]
[Round "3.16"]
[White "Falkevall, Axel"]
[Black "Abrahamsson, Patrik"]
[Result "1-0"]
[TimeControl "15 minutes + 5 seconds per move from move one (Round 1 - 4) / 90 minutes + 30 seconds per move from move one (Round 5 - 8)"]
[WhiteTitle "FM"]
[WhiteFideId "1735560"]
[BlackFideId "1716484"]
[WhiteElo "2299"]
[BlackElo "1939"]

1. e4 d5 2. exd5 Nf6 3. d4 Nxd5 4. Nf3 Bg4 5. Be2 e6 6. O-O Be7 7. h3 Bh5 8. c4 Nb6 9. Nc3 O-O 10.
Be3 N8d7 11. c5 Nd5 12. Nxd5 exd5 13. Qb3 Nf6 14. g4 Bg6 15. Ne5 Rb8 16. h4 h6 17. Nxg6 fxg6 18. Bf3 Kh8 19.
g5 Ne4 20. Bxe4 dxe4 21. Qe6 b6 22. c6 Qd6 23. Qxd6 Bxd6 24. gxh6 Bf4 25. hxg7+ Kxg7 26. Kg2 Rf6 27. Rac1 Rh8 28.
Rh1 Rh5 29. Rc2 g5 30. Re2 gxh4 31. d5 h3+ 32. Kf1 h2 33. Bxf4 Rxf4 34. d6 cxd6 35. Rc2 Rc5 36. Rxc5 bxc5 37. Rxh2 Rf7 38. Ke2 Kf6 39. Rh4 Ke5 40. Rh5+ Ke6 41.
Ke3 d5 42. Rh6+ Ke7 43. c7 Kd7 44. Rc6 Kc8 45. Rxc5 Rxc7 46. Rxd5 Rc2 47. Rd2 1-0

[Event "Elite Hotels Open 2023"]
[Site "Elite Stadshotellet, Kungsgatan 6, Vaxjo, Sweden"]
[Date "2023.02.10"]
[Round "3.17"]
[White "Tops, Jonatan"]
[Black "Kristensen, Kaare Hove"]
[Result "0-1"]
[TimeControl "15 minutes + 5 seconds per move from move one (Round 1 - 4) / 90 minutes + 30 seconds per move from move one (Round 5 - 8)"]
[BlackTitle "IM"]
[WhiteFideId "1759809"]
[BlackFideId "1400940"]
[WhiteElo "1937"]
[BlackElo "2210"]

1. e4 c5 2. Nf3 d6 3. d4 Nf6 4. Nc3 cxd4 5. Nxd4 a6 6. Bg5 e6 7. f4 Be7 8. Qf3 Qc7 9. O-O-O O-O 10.
Kb1 Nc6 11. f5 Nxd4 12. Rxd4 Bd7 13. g4 Bc6 14. Rd2 Nxe4 15. Nxe4 Bxg5 16. Re2 Rac8 17. h4 Be7 18.
f6 Bxe4 19. Qxe4 Bxf6 20. Rf2 Qc6 21. Qxc6 Rxc6 22. Bg2 d5 23. g5 Be7 24. Rhf1 Rc4 25. Rf4 Rxf4 26. Rxf4 b5 27. c3 Bd6 28.
Rf3 f5 29. Bh3 g6 30. Bf1 Rd8 31. a4 bxa4 32. Bxa6 Kf7 33. Kc2 e5 34. h5 Be7 35. hxg6+ hxg6 36. Bb5 e4 37. Rh3 Bxg5 38.
Bxa4 f4 39. Rh7+ Kf6 40. Rd7 Rxd7 41. Bxd7 f3 42. Bg4 Ke5 43. b4 Kf4 44. Bh3 Kg3 45. Bf1 e3 0-1

[Event "Elite Hotels Open 2023"]
[Site "Elite Stadshotellet, Kungsgatan 6, Vaxjo, Sweden"]
[Date "2023.02.10"]
[Round "3.18"]
[White "Johansson, Ulf"]
[Black "Cedervall, Magnus"]
[Result "1-0"]
[TimeControl "15 minutes + 5 seconds per move from move one (Round 1 - 4) / 90 minutes + 30 seconds per move from move one (Round 5 - 8)"]
[WhiteFideId "1701380"]
[BlackFideId "1736345"]
[WhiteElo "2205"]
[BlackElo "1946"]

1. Nf3 Nf6 2. g3 g6 3. Bg2 Bg7 4. O-O O-O 5. d4 d6 6. Nc3 Nc6 7. h3 e5 8. dxe5 Nxe5 9. Nd4 c6 10.
a4 d5 11. a5 Rb8 12. Nb3 Nc4 13. e4 Nxe4 14. Nxe4 dxe4 15. c3 Be6 16. Nc5 Qe7 17. Nxe6 Qxe6 18. Re1 Rfe8 19. Rxe4 Rbd8 20.
Qe2 Qc8 21. Qxc4 Rxe4 22. Qxe4 Rd1+ 23. Kh2 Bh6 24. Bxh6 Rxa1 25. Qe5 f6 26. Qxf6 Qd7 27. Qf8# 1-0

[Event "Elite Hotels Open 2023"]
[Site "Elite Stadshotellet, Kungsgatan 6, Vaxjo, Sweden"]
[Date "2023.02.10"]
[Round "4.1"]
[White "Galperin, Platon"]
[Black "Golubka, Petro"]
[Result "1-0"]
[TimeControl "15 minutes + 5 seconds per move from move one (Round 1 - 4) / 90 minutes + 30 seconds per move from move one (Round 5 - 8)"]
[WhiteTitle "GM"]
[BlackTitle "GM"]
[WhiteFideId "14165414"]
[BlackFideId "14114224"]
[WhiteElo "2538"]
[BlackElo "2363"]

1. Nf3 Nf6 2. g3 g6 3. Bg2 Bg7 4.
d4 d5 5.
c4 O-O 6. O-O Nc6 7. cxd5 Nxd5 8. e4 Nb6 9. d5 Na5 10. Qe1 Nac4 11. Nc3 c6 12. b3 Ne5 13. Nxe5 Bxe5 14. Bh6 Re8 15.
dxc6 bxc6 16. Rd1 Qc7 17. f4 Bg7 18. Bxg7 Kxg7 19. Qe3 Ba6 20. Rf2 Rad8 21. Rfd2 Rxd2 22. Qxd2 c5 23. a4 e6 24.
e5 Re7 25. a5 Nc8 26. Ne4 Bb7 27. Nf6 Bxg2 28. Kxg2 Qc6+ 29. Kh3 Rb7 30. a6 Qxa6 31. Qd8 Ne7 32. Ne8+ Kh6 33. Nf6 Kg7 34.
Ne8+ Kh6 35. Nd6 Nf5 36. Qg5+ Kg7 37. Qf6+ Kh6 38. Nxf5+ 1-0

[Event "Elite Hotels Open 2023"]
[Site "Elite Stadshotellet, Kungsgatan 6, Vaxjo, Sweden"]
[Date "2023.02.10"]
[Round "4.2"]
[White "Hector, Jonny"]
[Black "Sivuk, Vitaly"]
[Result "0-1"]
[TimeControl "15 minutes + 5 seconds per move from move one (Round 1 - 4) / 90 minutes + 30 seconds per move from move one (Round 5 - 8)"]
[WhiteTitle "GM"]
[BlackTitle "GM"]
[WhiteFideId "1700090"]
[BlackFideId "14116502"]
[WhiteElo "2466"]
[BlackElo "2530"]

1. e4 c5 2. Nf3 d6 3. d4 cxd4 4. Nxd4 Nf6 5. Nc3 a6 6. Bg5 Nbd7 7. f4 Qa5 8. Qf3 h6 9. Bh4 e5 10.
Nb3 Qc7 11. fxe5 dxe5 12. O-O-O Be7 13. g4 Nb6 14. Rg1 Be6 15. Bf2 Rc8 16. h4 Na4 17. Be1 Ba3 18. bxa3 Nxc3 19. Bxc3 Qxc3 20.
Qxc3 Rxc3 21. g5 hxg5 22. hxg5 Nxe4 23. Re1 Nd6 24. Rxe5 Rh2 25. Bd3 Kf8 26. g6 b6 27. gxf7 Bxf7 28.
Reg5 Bc4 29. Bg6 Rf3 30. Rd1 Rf1 31. Rxf1+ Bxf1 32. Nd4 Bc4 33. Kb2 Ke7 34. Rg3 Kf6 35. a4 a5 36. Nc6 Rh6 37. Bd3 Bxd3 38. Rxd3 Nc4+ 39.
Kc3 Rh4 40. Nb8 Ke6 41. Nd7 Ne5 42. Nxe5 Kxe5 43. Rg3 Kf6 44. Rf3+ Ke6 45. Rg3 Kf7 46. Rg5 Rxa4 47. Kd3 Rb4 48.
a3 Rb1 49. Ke4 g6 50. Rd5 Kf6 51. Rd6+ Kg5 52. Kf3 Kf5 53. Rd5+ Ke6 54. Rg5 Kf6 55. Rd5 g5 56. Kg4 Rg1+ 57. Kf3 Re1 58. Rb5 Re6 59. Kg4 Rc6 60. Rf5+ Ke6 61. Kxg5 Rxc2 62. Rf6+ Kd5 63. Rxb6 Kc5 64. Rb8 Ra2 65.
Kf4 Rxa3 66. Ke4 Rh3 67. Rc8+ Kb4 68. Rb8+ Kc3 69. Rc8+ Kb2 70. Ra8 Ra3 71. Kd4 a4 72. Ra7 Rh3 73.
Kc4 Rc3+ 74. Kd4 a3 75. Ra8 Rb3 76. Kc4 a2 77. Ra7 Ra3 78. Rb7+ Kc2 79. Kd4 0-1

[Event "Elite Hotels Open 2023"]
[Site "Elite Stadshotellet, Kungsgatan 6, Vaxjo, Sweden"]
[Date "2023.02.10"]
[Round "4.3"]
[White "Abdrlauf, Elham"]
[Black "Poley, Vladimir"]
[Result "1-0"]
[TimeControl "15 minutes + 5 seconds per move from move one (Round 1 - 4) / 90 minutes + 30 seconds per move from move one (Round 5 - 8)"]
[WhiteTitle "IM"]
[BlackTitle "IM"]
[WhiteFideId "1533533"]
[BlackFideId "13500090"]
[WhiteElo "2527"]
[BlackElo "2325"]

1. e4 g6 2. d4 Bg7 3.
Nf3 c6 4. h3 d5 5. e5 Na6 6.
Bxa6 Qa5+ 7. Nc3 Qxa6 8. Be3 Nh6 9. g4 f6 10. Qd2 Nf7 11. O-O-O fxe5 12. Nxe5 Nxe5 13. dxe5 Bxe5 14. Rhe1 Qa5 15. Bd4 Bxd4 16. Qxd4 Rf8 17. Qg7 Qc7 18. Rxd5 Qf4+ 19. Rd2 Qf6 20. Qxh7 Be6 21. Ne4 Qf7 22.
Qxf7+ Rxf7 23. Ng5 1-0

[Event "Elite Hotels Open 2023"]
[Site "Elite Stadshotellet, Kungsgatan 6, Vaxjo, Sweden"]
[Date "2023.02.10"]
[Round "4.4"]
[White "Trost, Edvin"]
[Black "Hillarp, Tiger"]
[Result "1/2-1/2"]
[TimeControl "15 minutes + 5 seconds per move from move one (Round 1 - 4) / 90 minutes + 30 seconds per move from move one (Round 5 - 8)"]
[WhiteTitle "FM"]
[BlackTitle "GM"]
[WhiteFideId "1729519"]
[BlackFideId "1700812"]
[WhiteElo "2364"]
[BlackElo "2511"]

1. d4 e6 2. Nf3 f5 3. g3 Nf6 4. Bg2 d5 5. O-O Bd6 6. c4 c6 7. b3 Qe7 8. Bb2 b6 9. Qc1 Bb7 10.
Ba3 Nbd7 11. Bxd6 Qxd6 12. Qa3 Qxa3 13. Nxa3 Ke7 14. Rac1 Rhc8 15. Rfd1 a5 16. e3 h6 17. Rc2 g5 18.
Rdc1 Ne4 19. Nd2 Nd6 20. Ndb1 b5 21. cxb5 cxb5 22. Bf1 b4 23. Nb5 Rxc2 24. Rxc2 Rc8 25. Rxc8 Bxc8 26. Nxd6 Kxd6 27.
h3 e5 28. Bb5 exd4 29. Bxd7 Bxd7 30. exd4 f4 31. g4 Bb5 32. Nd2 Be2 33. f3 Bd3 34. Kf2 Kc6 35. Ke1 Kb5 36. Kd1 a4 37. Kc1 Be2 38. Kc2 a3 39. Kc1 Kc6 40. Kc2 Kd6 41. Kc1 Ke6 42. Kc2 h5 43. Kc1 Bd3 44. Kd1 Kd6 45.
Kc1 hxg4 46. hxg4 Kc6 1/2-1/2

[Event "Elite Hotels Open 2023"]
[Site "Elite Stadshotellet, Kungsgatan 6, Vaxjo, Sweden"]
[Date "2023.02.10"]
[Round "4.5"]
[White "Blomqvist, Erik"]
[Black "Wagner, Stephan"]
[Result "1/2-1/2"]
[TimeControl "15 minutes + 5 seconds per move from move one (Round 1 - 4) / 90 minutes + 30 seconds per move from move one (Round 5 - 8)"]
[WhiteTitle "GM"]
[WhiteFideId "1709437"]
[BlackFideId "1613251"]
[WhiteElo "2510"]
[BlackElo "2264"]

1. e4 c6 2. d4 d5 3. e5 Bf5 4. c4 e6 5. Nc3 Bb4 6. cxd5 Qxd5 7. Nf3 Ne7 8. Be2 c5 9. O-O Bxc3 10.
bxc3 Nbc6 11. Ba3 cxd4 12. Nxd4 Nxd4 13. cxd4 Nc6 14. Qd2 Qxd4 15. Qg5 h6 16. Qxg7 Qxe5 17. Qxe5 Nxe5 18. Rfd1 Nc6 19.
Bf3 Rd8 20. Bd6 f6 21. Bh5+ Kd7 22. Bf8+ Kc8 23. Rxd8+ Nxd8 24. Bg7 Rg8 25. Bxf6 Be4 26. f3 Bd5 27. Kf2 Nc6 28. a3 b5 29. Rb1 a6 30. Bc3 Kc7 31. h4 Kb6 32. g4 Kc5 33. Bf6 Rf8 34.
g5 hxg5 35. hxg5 Kd6 36. Rg1 a5 37. Bb2 e5 38. g6 Nd4 39. g7 Rc8 40. Bg6 Nxf3 41. Rd1 Nd4 42. Bxd4 exd4 43. Rxd4 Ke5 44. Rxd5+ Kxd5 45. Bf7+ Kd4 46. g8=Q Rxg8 47. Bxg8 Kc3 48. Ke3 Kb2 49. Kd2 Kxa3 50.
Kc2 Kb4 51. Kb2 a4 1/2-1/2

[Event "Elite Hotels Open 2023"]
[Site "Elite Stadshotellet, Kungsgatan 6, Vaxjo, Sweden"]
[Date "2023.02.10"]
[Round "4.6"]
[White "Bellon Lopez, Juan Manuel"]
[Black "Kucuksari, Kaan"]
[Result "0-1"]
[TimeControl "15 minutes + 5 seconds per move from move one (Round 1 - 4) / 90 minutes + 30 seconds per move from move one (Round 5 - 8)"]
[WhiteTitle "GM"]
[BlackTitle "IM"]
[WhiteFideId "2200031"]
[BlackFideId "6380166"]
[WhiteElo "2303"]
[BlackElo "2507"]

1. d4 d5 2. Bf4 c5 3. e3 Nc6 4. c3 f6 5. Nf3 g5 6. Bg3 h5 7. h4 g4 8. Nfd2 Nh6 9.
Bd3 Nf5 10. Qc2 Nxg3 11. fxg3 Bh6 12. Nf1 cxd4 13. exd4 e5 14. Bg6+ Kf8 15. dxe5 Nxe5 16. Bf5 Kg7 17. Nbd2 d4 18.
Bxc8 Rxc8 19. c4 Re8 20. Kd1 b5 21. b3 d3 22. Qc3 Qe7 23. Ne4 Nxc4 0-1

[Event "Elite Hotels Open 2023"]
[Site "Elite Stadshotellet, Kungsgatan 6, Vaxjo, Sweden"]
[Date "2023.02.10"]
[Round "4.7"]
[White "Ernst, Thomas"]
[Black "Falkevall, Axel"]
[Result "0-1"]
[TimeControl "15 minutes + 5 seconds per move from move one (Round 1 - 4) / 90 minutes + 30 seconds per move from move one (Round 5 - 8)"]
[WhiteTitle "GM"]
[BlackTitle "FM"]
[WhiteFideId "1700065"]
[BlackFideId "1735560"]
[WhiteElo "2286"]
[BlackElo "2299"]

1. e4 e5 2. Nf3 Nc6 3. Bb5 a6 4.
Ba4 Nf6 5. O-O Be7 6. Re1 b5 7. Bb3 O-O 8. c3 d5 9. exd5 Nxd5 10. Nxe5
Nxe5 11. Rxe5 c6 12. d4 Bd6 13. Re1 Qh4 14. g3 Qh3 15. Re4 g5 16. Qf1 Qh6 17. Nd2 Bh3 18. Qe1 Nf4 19. Nf3 Bg2 20.
Nxg5 Bxe4 21. Nxe4 Rae8 22. f3 Qg6 23. Qf1 Nd5 24. Bd2 Bc7 25. Re1 f5 26. Nc5 f4 27. g4 h5 28. h3 Kh8 29.
Re4 Ne3 30. Qd3 Qg5 31. Rxe8 Rxe8 32. Ne4 Qh4 33. Qe2 Rxe4 34. fxe4 Qg3+ 35. Kh1 f3 36. Be1 Qxh3+ 0-1

[Event "Elite Hotels Open 2023"]
[Site "Elite Stadshotellet, Kungsgatan 6, Vaxjo, Sweden"]
[Date "2023.02.10"]
[Round "4.9"]
[White "Lindberg, Bengt"]
[Black "Lindborg, Patrik"]
[Result "0-1"]
[TimeControl "15 minutes + 5 seconds per move from move one (Round 1 - 4) / 90 minutes + 30 seconds per move from move one (Round 5 - 8)"]
[WhiteTitle "IM"]
[WhiteFideId "1700359"]
[BlackFideId "1707507"]
[WhiteElo "2354"]
[BlackElo "2184"]

1. e4 c5 2. Nf3 e6 3. d4 cxd4 4. Nxd4 Qb6 5. Nb3 Nf6 6. e5 Ne4 7. Be3 Qc7 8. Qd4 f5 9. f3 Nc6 10.
Qd1 Nc5 11. f4 Nxb3 12. axb3 d6 13. exd6 Bxd6 14. g3 O-O 15. Nc3 Be7 16. Bc4 a6 17. O-O Rb8 18. Re1 b5 19. Bf1 Bf6 20.
Qd2 Rd8 21. Qf2 Ne7 22. Bg2 b4 23. Na4 Nd5 24. Bc5 Qf7 25. Rad1 Bd7 26. Bd4 Bxa4 27. bxa4 Rbc8 28. Bxf6 Qxf6 29.
Qe2 Rd6 30. Qd3 Rcd8 31. Qb3 a5 32. Rd2 h6 33. Rde2 Kh7 34. h4 h5 35. Kh2 Kh6 36. Bxd5 exd5 37. Qd3 g6 38. Re5 Rc8 39.
R1e2 Rdc6 40. b3 Rc3 41. Qxd5 Rxc2 42. Qxa5 Qc6 43. Qa7 Qf3 44. Qe3 Qf1 45. Re7 Rc1 0-1

[Event "Elite Hotels Open 2023"]
[Site "Elite Stadshotellet, Kungsgatan 6, Vaxjo, Sweden"]
[Date "2023.02.10"]
[Round "4.10"]
[White "Kristensen, Kaare Hove"]
[Black "Cibo, Faris"]
[Result "1-0"]
[TimeControl "15 minutes + 5 seconds per move from move one (Round 1 - 4) / 90 minutes + 30 seconds per move from move one (Round 5 - 8)"]
[WhiteTitle "IM"]
[WhiteFideId "1400940"]
[BlackFideId "1764268"]
[WhiteElo "2210"]
[BlackElo "1923"]

1. e4 c5 2. Nf3 d6 3.
d4 cxd4 4. Nxd4 Nf6 5. Nc3 a6 6. Bg5 e6 7. f4 Be7 8. Qf3 Qc7 9. O-O-O Nbd7 10. Bd3 b5 11. Rhe1 Bb7 12. Qg3 b4 13.
Nd5 exd5 14. exd5 Kd8 15. Nc6+ Bxc6 16. dxc6 Qxc6 17. Bxf6 Nxf6 18. Qxg7 Re8 19. Qxf7 Ra7 20. Rxe7 Raxe7 21. Qxf6 Kc7 22. Qd4 Qc5 23. Bxa6 Re1 24. Qxc5+ dxc5 25. Kd2 Rxd1+ 26. Kxd1 Re6 27. Bd3 Rh6 28. h3 Rh4 29. Ke2 c4 30. Bxc4 Rxf4 31. Bd3 h6 32. Ke3 Rf8 33.
Kd4 Kb6 34. Kc4 Rf4+ 35. Kd5 h5 36. Ke5 Rf2 37. g4 h4 38. g5 Rf3 39. Bf5 Rg3 40. g6 Kc5 41. Kf6 Kd4 42. g7 Ke3 43.
Bg4 1-0

[Event "Elite Hotels Open 2023"]
[Site "Elite Stadshotellet, Kungsgatan 6, Vaxjo, Sweden"]
[Date "2023.02.10"]
[Round "4.11"]
[White "Jakenberg, Jussi"]
[Black "Johansson, Ulf"]
[Result "0-1"]
[TimeControl "15 minutes + 5 seconds per move from move one (Round 1 - 4) / 90 minutes + 30 seconds per move from move one (Round 5 - 8)"]
[WhiteFideId "1710931"]
[BlackFideId "1701380"]
[WhiteElo "2059"]
[BlackElo "2205"]

1. d4 Nf6 2. Nf3 g6 3. g3 Bg7 4. Bg2 O-O 5. O-O d5 6. c4 c6 7. Ne5 dxc4 8. Nxc4 Be6 9. Ne5 Bd5 10.
Nc3 Bxg2 11. Kxg2 Nd5 12. Qb3 Nxc3 13. bxc3 Qd5+ 14. Qxd5 cxd5 15. Bf4 Bxe5 16. Bxe5 Nc6 17. Rab1 b6 18.
Rb5 Nxe5 19. dxe5 e6 20. e3 Rfc8 21. Rc1 Rc4 22. Kf3 Rac8 23. Rb3 Re4 24. Rd1 Rec4 25. Rd3 h5 26. h4 Ra4 27.
Rd2 Rc5 28. Ke2 Rca5 29. Rbb2 Ra3 30. Rdc2 Kf8 31. f4 Ke7 32. Kd2 R3a4 33. Kd3 b5 34. Kd2 Kd7 35. Kd3 a6 36. Rd2 Rc4 37.
Rdc2 Kc6 38. Rd2 Kc5 39. Rdc2 Ra3 40. Kd2 a5 41. Rb3 Rca4 42. Kd3 Rxa2 43. Rxa2 Rxa2 44. Rb1 Rg2 45. Ra1 a4 0-1

[Event "Elite Hotels Open 2023"]
[Site "Elite Stadshotellet, Kungsgatan 6, Vaxjo, Sweden"]
[Date "2023.02.10"]
[Round "4.12"]
[White "Nilsson, Oliver"]
[Black "Krantz, Christopher"]
[Result "0-1"]
[TimeControl "15 minutes + 5 seconds per move from move one (Round 1 - 4) / 90 minutes + 30 seconds per move from move one (Round 5 - 8)"]
[WhiteFideId "1730177"]
[BlackFideId "1707876"]
[WhiteElo "1925"]
[BlackElo "2262"]

1. e4 e5 2. Nf3 Nc6 3. Bc4 Bc5 4. c3 Nf6 5. d4 exd4 6. e5 d5 7. Bb5 Ne4 8. cxd4 Bb6 9. h3 O-O 10. O-O f6 11. Nc3 fxe5 12. Bxc6 bxc6 13. Nxe4 dxe4 14. Qb3+ Qd5 15.
Nxe5 Bxd4 16. Nxc6 Qxb3 17. axb3 Bf6 18. Be3 Bd7 19. Rac1 Bxb2 20. Ne7+ Kf7 21. Rxc7 Kxe7 22. Rd1 Rfd8 23.
Bc5+ Ke8 24. Re1 Rdc8 25. Rxe4+ Kd8 26. Rxa7 Rxa7 27. Bxa7 Rc1+ 28. Kh2 Bc6 29. Rc4 Be5+ 30. f4 Rxc4 31. bxc4 Bxf4+ 32. g3 Bd2 33. Bd4 g6 34.
h4 h5 35. Kh3 Ke7 36. g4 Bd7 37. Kg3 hxg4 38. c5 Be1+ 39. Kg2 Bc6+ 40. Kg1 Ke6 41. Be3 Bxh4 0-1

[Event "Elite Hotels Open 2023"]
[Site "Elite Stadshotellet, Kungsgatan 6, Vaxjo, Sweden"]
[Date "2023.02.10"]
[Round "4.13"]
[White "Wiklund, Johan"]
[Black "Johansson, Gunnar"]
[Result "0-1"]
[TimeControl "15 minutes + 5 seconds per move from move one (Round 1 - 4) / 90 minutes + 30 seconds per move from move one (Round 5 - 8)"]
[WhiteFideId "1713817"]
[BlackFideId "1703501"]
[WhiteElo "1899"]
[BlackElo "2260"]

1. Nf3 d5 2. d4 Nf6 3. c4 c6 4. cxd5 cxd5 5. Nc3 Nc6 6. Bf4 a6 7. Qc2 Bg4 8. e3 Bxf3 9. gxf3 e6 10. Be2 Be7 11. O-O O-O 12. Rfc1 Rc8 13.
Qd1 Re8 14. Na4 Nd7 15. Bd3 b5 16. Nc3 Nb6 17. a4 Nc4 18. Qe2 b4 19. Nd1 N6a5 20. Rc2 Qb6 21. Rb1 b3 22. Rcc1 g6 23.
Nc3 Rc6 24. Be5 Rec8 25. Qe1 Bb4 26. e4 Nxe5 27. dxe5 d4 28. Qe2 dxc3 29. bxc3 Rxc3 30. Rxc3 Rxc3 31. Bxa6 Rc2 32. Qf1 Rxf2 0-1